 Dungeon Crawl Stone Soup version 0.19.5 (webtiles) character file.

109 Monsterracer the Cudgeler (level 4, -6/45 HPs)
             Began as an Ogre Gladiator on Dec 30, 2017.
             Mangled by an orc wizard
             ... wielding a +0 rapier
              (7 damage)
             ... on level 3 of the Dungeon.
             The game lasted 00:02:52 (2777 turns).

Monsterracer the Cudgeler (Ogre Gladiator)          Turns: 2777, Time: 00:02:53

Health: -6/45      AC:  3    Str: 27    XL:     4   Next: 89%
Magic:  4/4        EV: 10    Int:  7    God:
Gold:   108        SH:  0    Dex: 10    Spells: 0 memorised, 3 levels left

rFire  . . .     SeeInvis .     a - +0 flail
rCold  . . .     Gourm    .     b - +0 robe
rNeg   . . .     Faith    .     (no shield)
rPois  .         Spirit   .     c - +0 hat
rElec  .         Reflect  .     (no cloak)
rCorr  .         Harm     .     (gloves unavailable)
MR     .....                    (boots unavailable)
Stlth  +.........               (no amulet)
                                (no ring)
                                o - +6 ring of strength

@: no status effects
A: unfitting armour, tough skin 1
a: no special abilities


You were on level 3 of the Dungeon.
You were hungry.

You visited 1 branch of the dungeon, and saw 3 of its levels.

You collected 108 gold pieces.

Inventory:

Hand Weapons
 a - a +0 flail (weapon)
Missiles
 d - 2 throwing nets
 g - 43 stones (quivered)
Armour
 b - a +0 robe (worn)
 c - a +0 hat (worn)
Jewellery
 o - a +6 ring of strength (left hand)
Scrolls
 e - 2 scrolls of recharging {unknown}
 h - 2 scrolls of remove curse {unknown}
 j - 2 scrolls of teleportation {unknown}
 k - a scroll of amnesia {unknown}
 l - a scroll of identify {unknown}
 p - a scroll of magic mapping {unknown}
Potions
 i - 5 potions of curing
 m - a potion of berserk rage {unknown}
Comestibles
 f - 5 bread rations
 n - a beef jerky


   Skills:
 + Level 3.4 Fighting
 * Level 5.5 Maces & Flails
 + Level 2.8 Throwing
 + Level 3.3 Dodging


You had 3 spell levels left.
You didn't know any spells.

Dungeon Overview and Level Annotations

Branches:
Dungeon (3/15)

Altars:
Elyvilon


Innate Abilities, Weirdness & Mutations

You are too large for most types of armour.
You have tough skin. (AC +1)


Message History

You hit the goblin.
The goblin is moderately wounded.
The goblin hits you with a dagger.
You sock the goblin!
You kill the goblin!
Key pressed, stopping explore.
No target in view!
j - 2 scrolls labeled ACWIEL KUBRUNO (gained 1)
You see here 25 sling bullets.
f - 5 bread rations (gained 1)
You open the door.
There is an open door here.
All of the chunks of flesh in your inventory have rotted away.
Found a stone staircase leading down.
There is an open door here.
Found a robe.
A leopard gecko comes into view.
The leopard gecko hisses angrily.
A rat comes into view.
The leopard gecko bites you.
You hit the leopard gecko.
You kill the leopard gecko!
You closely miss the rat. The rat misses you.
The rat bites you but does no damage.
You barely miss the rat. The rat barely misses you.
You hit the rat but do no damage. The rat closely misses you.
A rat is nearby!
You hit the rat.
You kill the rat!
No target in view!
No target in view!
You see here a leopard gecko corpse.
You are feeling hungry.
There is an open door here.
You see here a robe.
An orc comes into view.
The orc shouts!
An orc is nearby!
An orc is nearby!
An orc wizard comes into view.
It is wielding a dagger of electrocution.
The orc wizard shouts!
An orc wizard comes into view. It is wielding a rapier.
The orc closely misses you.
You hit the orc but do no damage. The orc barely misses you.
An orc comes into view. It is wielding a hand axe.
The orc shouts!
You sock the orc!
You kill the orc!
The orc wizard points at you and mumbles some strange words.
The puff of flame hits you!
The orc wizard mumbles some strange words.
The orc wizard flickers and vanishes!
Deactivating autopickup; reactivate with Ctrl-A.
The orc wizard gestures at you while chanting.
You resist with some effort.
Throwing (i - inventory. (,) - cycle):
g - 45 stones (quivered)
Press: ? - help, Shift-Dir - straight line, f - orc wizard
Aim: an orc wizard, wielding a dagger of electrocution and wearing a robe You throw a stone.
The stone hits the orc wizard.
The orc wizard is lightly wounded.
Throwing (i - inventory. (,) - cycle):
g - 44 stones (quivered)
Press: ? - help, Shift-Dir - straight line, f/p - orc wizard
Aim: an orc wizard, wielding a dagger of electrocution and wearing a robe (lightly wounded)
You throw a stone. The stone barely misses the orc wizard.
The stone hits the orc but does no damage.
You sock the orc wizard!
The orc wizard is severely wounded.
The orc wizard hits you but does no damage.
You closely miss the orc wizard.
The orc wizard is severely wounded.
The orc wizard hits you but does no damage.
You hit the orc wizard.
The orc wizard is almost dead.
The orc wizard closely misses you.
The orc wizard hits you with a dagger of electrocution.
You are electrocuted!
* * * LOW HITPOINT WARNING * * *
You closely miss the orc wizard.
The orc wizard is almost dead.
The orc wizard hits you with a dagger of electrocution.
* * * LOW HITPOINT WARNING * * *
You are electrocuted!
* * * LOW HITPOINT WARNING * * *
You closely miss the orc wizard.
The orc wizard is almost dead.
The orc wizard barely misses you.
You hit the orc wizard.
You kill the orc wizard!
You barely miss something. Something hits you.
* * * LOW HITPOINT WARNING * * *
Throwing (i - inventory. (,) - cycle):
g - 43 stones (quivered)
Press: ? - help, Shift-Dir - straight line, f - orc
Aim: an orc, wielding a hand axe and wearing a leather armour
Okay, then.
Fire/throw which item? (* to show all) (? for menu, Esc to quit)
Press: ? - help, Shift-Dir - straight line, f - orc
Aim: an orc, wielding a hand axe and wearing a leather armour You throw a throwing net.
The throwing net barely misses the orc.
Something hits you!
You die...

.######.###.###...#..# #.#
.######.# #.........[# #.#
........# #####...##.# #.#
######### ##.###.########.#
#.# #..........# #.#
############ #.# #.########
#@#......# ##### #{#.####.#
#...#
#####o#.####.###...###
######....(....##.#.......#
#.........(#.#............#
#.####.###.#.#.##.#.......#
#.##.†.....#.###...###
#>#..(..#.##.# #...#
###.##.........# ##..#


You could see an orc.

Vanquished Creatures
  An orc wizard (D:3)
  3 adders
  An ooze (D:1)
  A dart slug (D:2)
  A worm (D:3)
  A leopard gecko (D:3)
  4 orcs (D:3)
  A ball python (D:2)
  3 giant cockroaches
  5 hobgoblins
  3 jackals (D:3)
  3 kobolds
  A quokka (D:3)
  A bat (D:1)
  4 frilled lizards (D:1)
  5 goblins
  7 rats
45 creatures vanquished.

Notes
Turn   | Place    | Note
-------+----------+-------------------------------------------
     0 | D:1      | Monsterracer the Ogre Gladiator began the quest for the Orb.
     0 | D:1      | Reached XP level 1. HP: 22/22 MP: 1/1
   163 | D:1      | Reached XP level 2. HP: 16/29 MP: 2/2
  1003 | D:2      | Reached XP level 3. HP: 37/37 MP: 3/3
  1037 | D:2      | HP: 17/37 [adder (2)]
  1038 | D:2      | Reached skill level 5 in Maces & Flails
  1775 | D:3      | Reached XP level 4. HP: 40/45 MP: 4/4
  2051 | D:3      | Found a white marble altar of Elyvilon.
  2063 | D:3      | HP: 22/45 [adder (4)]
  2068 | D:3      | HP: 16/45 [poisoned by an adder]
  2074 | D:3      | HP: 14/45 [poisoned by an adder]
  2080 | D:3      | HP: 13/45 [poisoned by an adder]
  2088 | D:3      | HP: 12/45 [poisoned by an adder]
  2772 | D:3      | HP: 22/45 [orc wizard/dagger of electrocution (12)]
  2773 | D:3      | HP: 4/45 [orc wizard/dagger of electrocution (17)]
  2776 | D:3      | HP: 1/45 [something (4)]
  2777 | D:3      | Mangled by an orc wizard

Skill      XL: |  1  2  3 |
---------------+----------+-----
Fighting       | 3 |  3.4
Maces & Flails | 5 |  5.5
Dodging        | 3 |  3.3
Throwing       | |  2.8

Action                   |  1- 3 |  4- 6 || total
-------------------------+-------+-------++-------
Melee: Flail             |    86 |    43 ||   129
Throw: Stone             |    11 |     2 ||    13
       Throwing net      |       |     1 ||     1
  Use: Potion            |     1 |       ||     1
  Eat: Chunk             |     2 |     3 ||     5
Armor: Robe              |    22 |     9 ||    31
Dodge: Dodged            |    51 |    21 ||    72

Vault maps used:
D:1:      sevenhm_arrival_forest_fort_large_1, serial_bayou_pond_e
D:3:      first_bread, elyvilon_altar_3
